 Dungeon Crawl Stone Soup version 0.32-a0-699-g1ee5eff69a (webtiles) character file.

Game seed: 18099150112604654365

100 growler the Grave Robber (level 4, -3/30 HPs)
             Began as a Vampire Necromancer on Mar 13, 2024.
             Slain by an ice beast (12 damage)
             ... on level 6 of the Dungeon.
             The game lasted 00:08:58 (2729 turns).

growler the Grave Robber (Vampire Necromancer)      Turns: 2729, Time: 00:08:58

Health: -3/30      AC:  2    Str:  7    XL:     4   Next: 46%
Magic:  0/8        EV: 11    Int: 19    God:
Gold:   156        SH:  0    Dex: 14    Spells: 5/9 levels left

rFire   . . .        f - +2 short sword (venom)
rCold   . . .        (no shield)
rNeg    . . .        a - +0 robe
rPois   .            (no helmet)
rElec   .            (no cloak)
rCorr   .            (no gloves)
SInv    +            (no boots)
Will    .....        (no amulet)
Stlth   ++           (no ring)
HPRegen 0.45/turn    (no ring)
MPRegen 0.11/turn

%: no passive effects
@: healing quickly
A: alive, fangs 3, see invisible, vampiric 2
a: Exsanguinate


You were on level 6 of the Dungeon.
You visited 1 branch of the dungeon, and saw 4 of its levels.

You collected 156 gold pieces.

Inventory:

Hand Weapons
 e - a +0 dagger
 f - a +2 short sword of venom (weapon)
Missiles
 c - 4 javelins
Armour
 a - a +0 robe (worn)
Jewellery
 j - a +4 ring of protection
Wands
 p - a wand of flame (13)
Scrolls
 g - 2 scrolls of identify {unknown}
 h - a scroll of blinking {unknown}
 l - 2 scrolls of teleportation {unknown}
 m - a scroll of noise {unknown}
 o - 3 scrolls of poison {unknown}
 t - a scroll of enchant weapon {unknown}
Potions
 b - a potion of magic
 d - 2 potions of brilliance {unknown}
 i - 2 potions of curing
 k - 2 potions of mutation {unknown}
 n - 2 potions of might {unknown}
 q - a potion of attraction {unknown}
 r - 3 potions of berserk rage {unknown}
 s - a potion of heal wounds {unknown}
 u - a potion of degeneration {unknown}
 v - 2 potions of haste {unknown}


   Skills:
 - Level 2.4 Dodging
 - Level 3.3 Stealth
 - Level 3.0 Spellcasting
 + Level 5.7 Necromancy


You had 5 spell levels left.
You knew the following spells:

 Your Spells              Type           Power      Damage    Failure   Level
a - Necrotise             Necr           96%        1d8       1%          1
b - Vampiric Draining     Necr           24%        2d7       4%          3

Your spell library contained the following spells:

 Spells                   Type           Power      Damage    Failure   Level
 Animate Dead             Necr           24%        N/A       14%         4
 Curse of Agony           Necr           24%        N/A       36%         5
 Dazzling Flash           Conj/Hex       4%         N/A       41%         3
 Starburst                Conj/Fire      1%         6d3       100%        6
 Maxwell's Capacitive Co  Air            1%         ∞         100%        8


Dungeon Overview and Level Annotations

Branches:
Dungeon (3/15)

Altars:
Ashenzari


Innate Abilities, Weirdness & Mutations

Your natural rate of healing is accelerated.
You have razor-sharp teeth.
You have supernaturally acute eyesight. (SInv)
You are afflicted with vampirism and can become a bat while bloodless.


Message History

Casting: Necrotise (safe; 1% risk of failure)
Confirm with . or Enter, or press ? or * to list all spells.
Aiming: Necrotise (safe; 1% risk of failure)
Press: ? - help, Shift-Dir - straight line, f - ice beast
Aim: an ice beast (chance to affect: 83%)
The ice beast writhes in agony.
Casting: Necrotise (safe; 1% risk of failure)
Confirm with . or Enter, or press ? or * to list all spells.
Aiming: Vampiric Draining (dangerous; 4% risk of failure)
Press: ? - help, Shift-Dir - straight line, f/p - ice beast
Aim: an ice beast (lightly wounded)
You draw life force from the ice beast!
The ice beast hits you. The ice beast freezes you!
Casting: Vampiric Draining (dangerous; 4% risk of failure)
Confirm with . or Enter, or press ? or * to list all spells.
Aiming: Vampiric Draining (dangerous; 4% risk of failure)
Press: ? - help, Shift-Dir - straight line, f/p - ice beast
Aim: an ice beast (heavily wounded)
You draw life force from the ice beast!
You feel life coursing into your body. The ice beast hits you.
The ice beast freezes you!
* * * LOW HITPOINT WARNING * * *
Unknown command.
Casting: Vampiric Draining (dangerous; 4% risk of failure)
Confirm with . or Enter, or press ? or * to list all spells.
Aiming: Necrotise (safe; 1% risk of failure)
Press: ? - help, Shift-Dir - straight line, f/p - ice beast
Aim: an ice beast (severely wounded, chance to affect: 83%)
The ice beast writhes in agony!
The ice beast barely misses you.
Okay, then.
You closely miss the ice beast.
The ice beast is almost dead.
The ice beast hits you.
* * * LOW HITPOINT WARNING * * *
The ice beast freezes you.
* * * LOW HITPOINT WARNING * * *
Unknown command.
It was a potion of curing.
You feel better. The ice beast hits you.
* * * LOW HITPOINT WARNING * * *
The ice beast freezes you!
You die...

#### #.. #.#####
#########.#...#
.........@Y...#
.........>#......
..........# #.###
..........# #
........#.#
........#.#
........#.#
........#.#
........#.#


You could see an ice beast.

Vanquished Creatures
  A bombardier beetle (D:3)
  An adder (D:2)
  A dart slug (D:2)
  A ribbon worm (D:3)
  5 ball pythons
  3 bats
  4 endoplasms
  A giant cockroach (D:1)
  4 goblins
  7 hobgoblins
  2 jackals (D:1)
  8 kobolds
  A quokka (D:2)
  2 frilled lizards
  7 rats
48 creatures vanquished.

Vanquished Creatures (collateral kills)
  A ball python (D:1)
  A goblin (D:1)
2 creatures vanquished.

Grand Total: 50 creatures vanquished

Notes
Turn   | Place    | Note
-------+----------+-------------------------------------------
     0 | D:1      | growler the Vampire Necromancer began the quest for the
                  | Orb.
     0 | D:1      | Reached XP level 1. HP: 13/13 MP: 3/3
   219 | D:1      | Reached XP level 2. HP: 19/19 MP: 3/5
  1100 | D:2      | Gained mutation: You are afflicted with vampirism and can
                  | become a bat while bloodless. [Vampire growth]
  1100 | D:2      | Reached XP level 3. HP: 19/24 MP: 0/7
  1221 | D:2      | Found a broken altar of Ashenzari.
  1329 | D:2      | Reached skill level 5 in Necromancy
  1350 | D:2      | Learned a level 3 spell: Vampiric Draining
  2189 | D:3      | Reached XP level 4. HP: 30/30 MP: 3/8
  2715 | D:3      | You fall into a shaft and drop 3 floors!
  2723 | D:6      | Noticed an ice beast
  2729 | D:6      | Slain by an ice beast

Illustrated notes

Levels and vault maps discovered:
D:1:      lightli_arrival_statue_moat, layout_rooms, nicolae_eternal_life
D:2:      layout_basic, basic_altar, minivault_5, corexii_corridor_pit,
          nicolae_houndstooth_variations
D:3:      layout_basic, gammafunk_temple_overflow_claw
D:6:      layout_basic, minitemple

Skill      XL: |  1  2  3 |
---------------+----------+-----
Necromancy     | 5 |  5.7
Spellcasting   | 3 |  3.0
Dodging        | |  2.4
Stealth        | |  3.3

Action                     |  1- 3 |  4- 6 || total
---------------------------+-------+-------++-------
  Melee: Unarmed           |     6 |       ||     6
         Dagger            |    12 |       ||    12
         Bite              |     6 |       ||     6
         Short sword       |    41 |     2 ||    43
   Cast: Necrotise         |    57 |    11 ||    68
         Vampiric Draining |       |     4 ||     4
    Use: Potion            |       |     1 ||     1
   Stab: Sleeping          |     3 |       ||     3
 Armour: Robe              |    41 |     5 ||    46
  Dodge: Dodged            |    36 |     3 ||    39

Table legend: (Time is in decaauts)
 A = Elapsed time spent in this place.
 B = Non-inter-level travel time spent in this place.
 C = Inter-level travel time spent in this place.
 D = Time resting spent in this place.
 E = Time spent auto-exploring this place.
 F = Levels seen in this place.
 G = Mean time per level.
                   A        B        C        D        E       F      G
               +--------+--------+--------+--------+--------+-----+--------+
         Total |   2727 |   2705 |     22 |     99 |   2160 |   4 |  681.8 |
       Dungeon |   2727 |   2705 |     22 |     99 |   2160 |   4 |  681.8 |
               +--------+--------+--------+--------+--------+-----+--------+

Top non-repeatable levels by time:
     D:2: 1130 daAuts
     D:1: 1024 daAuts
     D:3: 558 daAuts
     D:6: 13 daAuts
